 Dungeon Crawl Stone Soup version 0.31.0-11-ge490571c62 (webtiles) character file.

Game seed: 16232650475067408232

1043 Ashen the Sneak (level 8, -6/58 HPs)
             Began as a Gnoll Enchanter on Feb 2, 2024.
             Was a Follower of Uskayaw.
             Mangled by a gnoll bouda
             ... wielding a +0 whip
              (7 damage)
             ... on level 5 of the Dungeon.
             The game lasted 00:11:38 (4704 turns).

Ashen the Sneak (Gnoll Enchanter)                   Turns: 4704, Time: 00:11:38

Health: -6/58      AC:  5    Str:  7    XL:     8   Next: 25%
Magic:  9/17       EV: 14    Int: 14    God:    Uskayaw [*.....]
Gold:   365        SH:  0    Dex: 16    Spells: 6/19 levels left

rFire   . . .        a - +1 dagger
rCold   . . .        (no shield)
rNeg    . . .        b - +0 robe
rPois   .            (no helmet)
rElec   .            t - +2 cloak
rCorr   .            (no gloves)
SInv    +            (no boots)
Will    .....        m - amulet of regeneration
Stlth   ++++         e - ring of flight
HPRegen 1.09/turn    q - ring of see invisible
MPRegen 0.15/turn

%: no passive effects
@: weakened, flying
A: fangs 1, strong nose, distributed training
a: Renounce Religion, Stomp


You were on level 5 of the Dungeon.
You worshipped Uskayaw.
Uskayaw was noncommittal.
You visited 2 branches of the dungeon, and saw 6 of its levels.

You collected 365 gold pieces.

Inventory:

Hand Weapons
 a - a +1 dagger (weapon)
 u - a +1 short sword of speed
Armour
 b - a +0 robe (worn)
 t - a +2 cloak (worn)
Jewellery
 e - a ring of flight (left hand)
 m - an amulet of regeneration (around neck)
 q - a ring of see invisible (right hand)
Wands
 v - a wand of quicksilver (11)
 w - a wand of flame (16)
Scrolls
 d - 5 scrolls of identify {unknown}
 f - a scroll of poison {unknown}
 h - 3 scrolls of vulnerability {unknown}
 k - 2 scrolls of teleportation {unknown}
 l - a scroll of enchant armour {unknown}
 o - a scroll of noise {unknown}
 p - a scroll of fear {unknown}
 s - 2 scrolls of blinking {unknown}
 x - a scroll of silence {unknown}
 y - a scroll of revelation {unknown}
Potions
 c - a potion of invisibility
 g - a potion of curing {unknown}
 i - a potion of haste {unknown}
 j - 2 potions of lignification {unknown}
 n - a potion of attraction {unknown}
 r - a potion of ambrosia {unknown}


   Skills:
 + Level 3.2 Fighting
 + Level 4.2 Short Blades
 + Level 3.2 Long Blades
 + Level 3.2 Axes
 + Level 3.2 Maces & Flails
 + Level 3.2 Polearms
 + Level 3.2 Staves
 + Level 3.2 Ranged Weapons
 + Level 3.2 Throwing
 + Level 3.2 Armour
 + Level 5.6 Dodging
 + Level 6.8 Stealth
 + Level 3.2 Shields
 + Level 3.2 Unarmed Combat
 + Level 6.0 Spellcasting
 + Level 2.6 Conjurations
 + Level 6.1 Hexes
 + Level 2.6 Summonings
 + Level 2.6 Necromancy
 + Level 2.6 Translocations
 + Level 2.6 Fire Magic
 + Level 2.6 Ice Magic
 + Level 2.6 Air Magic
 + Level 2.6 Earth Magic
 + Level 2.6 Alchemy
 + Level 3.5 Invocations
 + Level 3.2 Evocations
 + Level 2.9 Shapeshifting


You had 6 spell levels left.
You knew the following spells:

 Your Spells              Type           Power      Damage    Failure   Level
a - Ensorcelled Hibernat  Hex/Ice        32%        N/A       4%          2
b - Confusing Touch       Hex            21%        N/A       3%          3
c - Tukima's Dance        Hex            21%        N/A       3%          3
d - Dazzling Flash        Conj/Hex       32%        N/A       8%          3
e - Blink                 Tloc           22%        N/A       9%          2

Your spell library contained the following spells:

 Spells                   Type           Power      Damage    Failure   Level
 Magic Dart               Conj           44%        1d5       5%          1
 Sting                    Conj/Alch      44%        1d5       5%          1
 Call Imp                 Summ           22%        N/A       9%          2
 Mercury Vapours          Alch/Air       22%        N/A       9%          2
 Olgreb's Toxic Radiance  Alch           11%        N/A       47%         4


Dungeon Overview and Level Annotations

Branches:
Dungeon (5/15)             Temple (1/1) D:4

Altars:
Cheibriados
Elyvilon
Gozag
Hepliaklqana
Kikubaaqudgha
Nemelex Xobeh
Trog
Uskayaw
Vehumet
Xom

Annotations:
D:3 1 runed translucent door, t4s4d4r's ghost, amateur OpSh


Innate Abilities, Weirdness & Mutations

You have very sharp teeth.
Your uncanny sense of smell can sniff out nearby items.
Your experience applies equally to all skills.


Message History

The gnoll bouda is severely wounded.
The gnoll hits you but does no damage.
You can no longer pass through a line of other dancers.
You hit the gnoll bouda but do no damage.
The gnoll bouda is severely wounded.
The gnoll bouda hits you with a +0 whip!
The gnoll hits you from afar with a +0 spear.
* * * LOW HITPOINT WARNING * * *
Casting: Confusing Touch (dangerous; 3% risk of failure)
Confirm with . or Enter, or press ? or * to list all spells.
Aiming: Ensorcelled Hibernation (safe; 4% risk of failure)
Press: ? - help, Shift-Dir - straight line, f - gnoll
Aim: a gnoll, wielding a +0 spear (covering ground quickly, chance to confuse on hit: 62%, chance to affect: 58%)
The gnoll looks drowsy...
The gnoll bouda gazes fiercely through you!
You feel your attacks grow feeble.
The gnoll bouda hits you with a +0 whip.
* * * LOW HITPOINT WARNING * * *
The helpless gnoll fails to defend itself.
You hit the gnoll but do no damage. The gnoll bouda completely misses you.
Casting: Ensorcelled Hibernation (safe; 4% risk of failure)
Confirm with . or Enter, or press ? or * to list all spells.
Aiming: Ensorcelled Hibernation (safe; 4% risk of failure)
Press: ? - help, Shift-Dir - straight line, f - gnoll bouda, p - gnoll
Aim: a gnoll bouda, wielding a +0 whip and wearing a +0 robe (severely wounded, chance to confuse on hit: 53%, chance to affect: 50%)
The gnoll bouda looks drowsy...
The gnoll hits you with a +0 spear!
* * * LOW HITPOINT WARNING * * *
The helpless gnoll bouda fails to defend itself.
You hit the gnoll bouda but do no damage.
The gnoll bouda appears confused.
The gnoll bouda is severely wounded.
The gnoll misses you.
The gnoll bouda hits you with a +0 whip.
* * * LOW HITPOINT WARNING * * *
You hit the gnoll bouda but do no damage.
The gnoll bouda is severely wounded.
The gnoll hits you with a +0 spear!
* * * LOW HITPOINT WARNING * * *
The gnoll bouda hits you with a +0 whip!
You die...

.....####..........##
##..# ....##
##.........# ##.#
....## ##........# #.#
##...#####........##
#.# #....##[.........#
#g# ##[..............#
##g# #.......##......##
#.g# ############....)#
#..# #..@g.## #..#
#.g...[## ##..# # ####
##...).)[######...###
...#
##.....).[..##........
...##
##...####.......>......
....# ##...##
###........#... #...##
##...## ###########..
#....####...## ##.
...........## ##


You could see a gnoll bouda (confused) and a gnoll (swift).

Vanquished Creatures
  Menkaure (D:4)
  Duvessa (D:4)
  An ice beast (D:5)
  A bullfrog (D:4)
  Dowan (D:4)
  A hound (D:4)
  Crazy Yiuf (D:3)
  A gnoll bouda (D:5)
  Jessica (D:2)
  An iguana (D:5)
  Ijyb (D:4)
  Natasha (thrice) (D:4)
  4 orc wizards
  14 gnolls
  7 adders
  3 ribbon worms
  7 orcs
  6 endoplasms
  5 goblins
  3 hobgoblins
  4 jackals (D:2)
  3 quokkas
  6 ball pythons
  3 bats
  2 frilled lizards (D:2)
  7 kobolds
  3 rats
91 creatures vanquished.

Vanquished Creatures (collateral kills)
  A gnoll (D:5)
1 creature vanquished.

Vanquished Creatures (others)
  2 dancing weapons (D:5)
2 creatures vanquished.

Grand Total: 94 creatures vanquished

Notes
Turn   | Place    | Note
-------+----------+-------------------------------------------
     0 | D:1      | Ashen the Gnoll Enchanter began the quest for the Orb.
     0 | D:1      | Reached XP level 1. HP: 13/13 MP: 6/6
   126 | D:1      | Reached XP level 2. HP: 19/19 MP: 7/7
   217 | D:1      | Learned a level 2 spell: Ensorcelled Hibernation
   674 | D:2      | Reached skill level 5 in Spellcasting
   674 | D:2      | Reached XP level 3. HP: 25/25 MP: 5/9
   719 | D:2      | Learned a level 3 spell: Confusing Touch
   723 | D:2      | Learned a level 3 spell: Tukima's Dance
   727 | D:2      | Learned a level 3 spell: Dazzling Flash
   768 | D:2      | Noticed Jessica
   772 | D:2      | Killed Jessica
   773 | D:2      | Reached skill level 1 in Fighting
   773 | D:2      | Reached skill level 1 in Long Blades
   773 | D:2      | Reached skill level 1 in Axes
   773 | D:2      | Reached skill level 1 in Maces & Flails
   773 | D:2      | Reached skill level 1 in Polearms
   773 | D:2      | Reached skill level 1 in Staves
   773 | D:2      | Reached skill level 1 in Ranged Weapons
   773 | D:2      | Reached skill level 1 in Throwing
   773 | D:2      | Reached skill level 1 in Armour
   773 | D:2      | Reached skill level 1 in Shields
   773 | D:2      | Reached skill level 1 in Unarmed Combat
   773 | D:2      | Reached skill level 1 in Invocations
   773 | D:2      | Reached skill level 1 in Evocations
   797 | D:2      | Reached skill level 1 in Shapeshifting
   797 | D:2      | Reached XP level 4. HP: 32/32 MP: 11/11
   800 | D:2      | Learned a level 2 spell: Blink
  1217 | D:2      | Reached skill level 1 in Conjurations
  1217 | D:2      | Reached skill level 1 in Summonings
  1217 | D:2      | Reached skill level 1 in Necromancy
  1217 | D:2      | Reached skill level 1 in Translocations
  1217 | D:2      | Reached skill level 1 in Fire Magic
  1217 | D:2      | Reached skill level 1 in Ice Magic
  1217 | D:2      | Reached skill level 1 in Air Magic
  1217 | D:2      | Reached skill level 1 in Earth Magic
  1217 | D:2      | Reached skill level 1 in Alchemy
  1642 | D:3      | Identified the +1 robe "Vusuthopan" {Fly rC- Dex+2}
  1725 | D:3      | Reached XP level 5. HP: 33/37 MP: 3/12
  1989 | D:3      | Noticed t4s4d4r's ghost (amateur OpSh)
  2027 | D:3      | Found a runed translucent door.
  2103 | D:3      | Found a faded altar of an unknown god.
  2446 | D:3      | Found a runed translucent door.
  2447 | D:3      | Noticed Crazy Yiuf
  2554 | D:3      | Killed Crazy Yiuf
  2555 | D:3      | Reached XP level 6. HP: 44/44 MP: 14/14
  2633 | D:4      | Reached skill level 5 in Dodging
  2651 | D:4      | Found a staircase to the Ecumenical Temple.
  2718 | Temple   | Entered the Ecumenical Temple
  2736 | Temple   | Became a worshipper of Uskayaw the Reveller
  2808 | D:4      | Reached * piety under Uskayaw
  2814 | D:4      | Noticed Natasha
  2819 | D:4      | Killed Natasha
  2820 | D:4      | Noticed Menkaure
  2827 | D:4      | Killed Menkaure
  2827 | D:4      | Reached ** piety under Uskayaw
  2828 | D:4      | Reached XP level 7. HP: 51/51 MP: 15/15
  2968 | D:4      | Noticed Natasha
  2973 | D:4      | Killed Natasha
  2986 | D:4      | Noticed Duvessa
  2986 | D:4      | Noticed Dowan
  2999 | D:4      | Killed Duvessa
  3007 | D:4      | Killed Dowan
  3092 | D:4      | Found a sparkling altar of Nemelex Xobeh.
  3381 | D:4      | Noticed Ijyb
  3383 | D:4      | Killed Ijyb
  3501 | D:4      | Noticed Natasha
  3514 | D:4      | Killed Natasha
  3599 | D:5      | Entered Level 5 of the Dungeon
  3970 | D:5      | Reached *** piety under Uskayaw
  3971 | D:5      | Reached XP level 8. HP: 55/58 MP: 4/16
  4704 | D:5      | HP: 1/58 [gnoll/+0 spear[a gnoll bouda] (7)]
  4704 | D:5      | Mangled by a gnoll bouda

Illustrated notes

Levels and vault maps discovered:
D:1:      dpeg_arrival_simpleton_b, layout_rooms
D:2:      layout_loops_corners, uniq_jessica
D:3:      layout_rooms, ebering_ecumenical_altar_mist,
          hellmonk_ghost_happy_afterlife, minmay_gold_behind_fungi,
          uniq_crazy_yiuf_cottage
D:4:      layout_gridville, mainiacjoe_overflow_surrounded_room,
          minmay_temple_entry_wispy, uniq_menkaure, uniq_duvessa, uniq_natasha,
          uniq_ijyb
D:5:      layout_layer_cave, lemuel_tele_altar, serial_glass, glass_columns_a,
          glass_columns_c, uniq_eustachio
Temple:   hellmonk_temple_forest_ring

Skill      XL: |  1  2  3  4  5  6  7  8 |
---------------+-------------------------+-----
Spellcasting   | 5 6 |  6.0
Fighting       | 1 2 3 |  3.2
Long Blades    | 1 2 3 |  3.2
Axes           | 1 2 3 |  3.2
Maces & Flails | 1 2 3 |  3.2
Polearms       | 1 2 3 |  3.2
Staves         | 1 2 3 |  3.2
Ranged Weapons | 1 2 3 |  3.2
Throwing       | 1 2 3 |  3.2
Armour         | 1 2 3 |  3.2
Stealth        | 6 |  6.8
Shields        | 1 2 3 |  3.2
Unarmed Combat | 1 2 3 |  3.2
Invocations    | 1 2 3 |  3.5
Evocations     | 1 2 3 |  3.2
Shapeshifting  | 1 2 |  2.9
Conjurations   | 1 2 |  2.6
Summonings     | 1 2 |  2.6
Necromancy     | 1 2 |  2.6
Translocations | 1 2 |  2.6
Fire Magic     | 1 2 |  2.6
Ice Magic      | 1 2 |  2.6
Air Magic      | 1 2 |  2.6
Earth Magic    | 1 2 |  2.6
Alchemy        | 1 2 |  2.6
Short Blades   | 3 4 |  4.2
Dodging        | 5 |  5.6
Hexes          | 6 |  6.1

Action                     |  1- 3 |  4- 6 |  7- 9 || total
---------------------------+-------+-------+-------++-------
  Melee: Dagger            |    42 |    97 |    90 ||   229
         Bite              |     1 |     5 |     6 ||    12
         Punch             |       |     1 |     1 ||     2
   Cast: Ensorcelled Hiber |     2 |    31 |    39 ||    72
         Tukima's Dance    |       |       |     8 ||     8
         Confusing Touch   |       |       |     6 ||     6
         Blink             |       |       |     1 ||     1
    Use: Potion            |       |       |     1 ||     1
   Stab: Sleeping          |    12 |    29 |    25 ||    66
         Confused          |       |       |     6 ||     6
 Armour: Robe              |    16 |    44 |    67 ||   127
  Dodge: Dodged            |    26 |    65 |    87 ||   178
